 Dungeon Crawl Stone Soup version 0.27-a0-931-g5a74e75d8f (webtiles) character file.

Game seed: 2546924957192822605

9 Alarkh the Insei (level 2, 6/22 HPs)
             Began as a Demonspawn Gladiator on Apr 10, 2021.
             Got out of the dungeon alive.
             The game lasted 00:00:32 (709 turns).

Alarkh the Insei (Demonspawn Gladiator)              Turns: 709, Time: 00:00:32

Health: 6/22       AC:  4    Str: 14    XL:     2   Next: 3%
Magic:  2/2        EV: 12    Int:  9    God:
Gold:   54         SH:  0    Dex: 14    Spells: 1/1 levels left

rFire    . . .     SeeInvis .     - Unarmed
rCold    . . .     Faith    .   (no shield)
rNeg     . . .     Spirit   +   a - +0 leather armour
rPois    .         Reflect  .   b - +0 helmet
rElec    .         Harm     .   (no cloak)
rCorr    .         Rampage  .   (no gloves)
Will     .....                  (no boots)
Stlth    +.........             e - amulet of guardian spirit
HPRegen  0.07/turn              (no ring)
MPRegen  0.08/turn              (no ring)

@: no status effects
A: demonic magic 1
a: no special abilities


You escaped.
You visited 1 branch of the dungeon, and saw 1 of its levels.

You collected 54 gold pieces.

Inventory:

Missiles
 c - 3 throwing nets (quivered)
Armour
 a - a +0 leather armour (worn)
 b - a +0 helmet (worn)
Jewellery
 e - an amulet of guardian spirit (around neck)
Scrolls
 d - a scroll of acquirement {unknown}


   Skills:
 + Level 2.2 Fighting
 + Level 2.0 Throwing
 - Level 2.6 Dodging
 * Level 3.0 Unarmed Combat


You had one spell level left.
You didn't know any spells.
Your spell library contained the following spells:

 Spells                   Type           Power      Damage    Failure   Level
 Magic Dart               Conj           0%         1d3       45%         1
 Blink                    Tloc           N/A        N/A       61%         2
 Call Imp                 Summ           0%         N/A       61%         2
 Slow                     Hex            0%         N/A       61%         2
 Conjure Flame            Conj/Fire      0%         6-21      83%         3
 Mephitic Cloud           Conj/Pois/Air  0%         N/A       83%         3


Dungeon Overview and Level Annotations

Branches:
Dungeon (1/15)

Altars:


Innate Abilities, Weirdness & Mutations

Spells you cast may paralyse adjacent enemies.


Message History

Your unstable footing causes you to fumble your attack.
The frilled lizard bites you. The hobgoblin hits you.
Your unstable footing causes you to fumble your attack.
The frilled lizard closely misses you. The hobgoblin closely misses you.
Your unstable footing causes you to fumble your attack.
The frilled lizard barely misses you. The hobgoblin hits you.
You are too injured to fight recklessly!
The hobgoblin completely misses you.
You are too injured to fight recklessly!
You are too injured to fight recklessly!
You hit the hobgoblin.
The hobgoblin is moderately wounded.
The frilled lizard closely misses you.
You hit the hobgoblin.
The hobgoblin is heavily wounded.
The frilled lizard misses you. The hobgoblin misses you.
You hit the hobgoblin.
The hobgoblin is almost dead.
The frilled lizard closely misses you. The hobgoblin closely misses you.
You hit the hobgoblin but do no damage.
The hobgoblin is almost dead.
The frilled lizard bites you. The hobgoblin hits you.
* * * LOW HITPOINT WARNING * * *
You closely miss the hobgoblin.
The hobgoblin is almost dead.
The frilled lizard bites you but does no damage.
The hobgoblin barely misses you.
You hit the frilled lizard.
You kill the frilled lizard!
Your Throwing skill increases to level 2!
Your Unarmed Combat skill increases to level 3!
You hit the hobgoblin.
You kill the hobgoblin!
You have reached level 2!
Your demonic ancestry asserts itself...
A menacing aura infuses your magic.
You see here a +0 short sword.
There is a staircase leading out of the dungeon here.
Are you sure you want to leave the Dungeon?
This will make you lose the game!
You have escaped!

..##..........≈..# ####.#.###.≈
####.#.#.#.#.≈.≈.# #.#.###.≈
#.#.....#.≈.≈.### #........
#.###..##.≈..≈..# #.#.###.. #.#
##.##.≈...≈.#### #.#.# #.. #.#
#.##..≈.......###.#.# ##.
##.####.##..≈.≈≈≈≈≈..##.#.# ##
#.....#.##..≈......≈).#.#.#
###..##.#.##..≈.@≈....≈...#.#
...............≈.≈...≈....#.#####
###.#.#..........≈.≈≈..##.#......
#..†..#.##.≈...≈....###.######.
###.#...##.≈...≈.#### #.######.
#.#.####.≈..≈..######........
#.#.# #.≈.≈..###...########.
#.#.# #.≈.≈.###.###.## #. #.#.#
#..≈..##.#####.#######


There were no monsters in sight!

Vanquished Creatures
  A hobgoblin (D:1)
  2 kobolds (D:1)
  A quokka (D:1)
  A ball python (D:1)
  2 frilled lizards (D:1)
  2 rats (D:1)
9 creatures vanquished.

Notes
Turn   | Place    | Note
-------+----------+-------------------------------------------
     0 | D:1      | Alarkh the Demonspawn Gladiator began the quest for the
                  | Orb.
     0 | D:1      | Reached XP level 1. HP: 16/16 MP: 1/1
   221 | D:1      | Found a faded altar of an unknown god.
   681 | D:1      | Reached skill level 3 in Unarmed Combat
   682 | D:1      | Gained mutation: Spells you cast may paralyse adjacent
                  | enemies. [demonic ancestry]
   682 | D:1      | Reached XP level 2. HP: 4/22 MP: 2/2
   709 | D:$      | Got out of the dungeon alive.

Illustrated notes

Levels and vault maps discovered:
D:1:      ebering_trefoil_3fold, layout_loops_ring,
          ebering_ecumenical_altar_rust, lemuel_old_faithful

Skill      XL: |  1 |
---------------+----+-----
Throwing       | 2 |  2.0
Unarmed Combat | 3 |  3.0
Fighting       | |  2.2
Dodging        | |  2.6

Action                   || total
-------------------------++-------
Melee: Unarmed           ||    54
       Punch             ||     1
Armor: Leather armour    ||    11
Dodge: Dodged            ||    42

Table legend: (Time is in decaauts)
 A = Elapsed time spent in this place.
 B = Non-inter-level travel time spent in this place.
 C = Inter-level travel time spent in this place.
 D = Time resting spent in this place.
 E = Time spent auto-exploring this place.
 F = Levels seen in this place.
 G = Mean time per level.
                   A        B        C        D        E       F      G
               +--------+--------+--------+--------+--------+-----+--------+
         Total |    707 |    681 |     26 |      0 |    574 |   1 |  707.0 |
       Dungeon |    707 |    681 |     26 |      0 |    574 |   1 |  707.0 |
               +--------+--------+--------+--------+--------+-----+--------+

Top non-repeatable levels by time:
     D:1: 707 daAuts
